 Dungeon Crawl Stone Soup version 0.14-a0-1707-g75daffb (webtiles) character file.

101 PolkaDot the Vexing (level 3, -8/26 HPs)
             Began as a Vampire Enchanter on Dec 31, 2013.
             Mangled by Sigmund
             ... wielding a +2,+1 scythe
              (14 damage)
             ... on Level 3 of the Dungeon.
             The game lasted 00:05:36 (1226 turns).

PolkaDot the Vexing (Vampire Enchanter)             Turns: 1226, Time: 00:05:36

HP  -8/26        AC  3     Str 12      XL: 3   Next: 64%
MP   2/6         EV 12     Int 24      God:
Gold 48          SH  0     Dex 15      Spells:  2 memorised,  2 levels left

rFire  . . .     SeeInvis +     h - +0,+7 dagger
rCold  . . .     Clarity  .     b - +1 robe
rNeg   . . .     Conserve .     (no shield)
rPois  +         rCorr    .     (no helmet)
rElec  .         rRot     .     (no cloak)
SustAb . .       Spirit   .     (no gloves)
rMut   .         Warding  .     (no boots)
Saprov . . .     Stasis   .     (no amulet)
                                q - +2 ring of intelligence
                                o - ring of poison resistance

@: regenerating quickly, mighty, brilliant, very slightly contaminated, slightly
resistant to hostile enchantments, stealthy
A: fangs 3, see invisible, unbreathing
a: no special abilities


You were on level 3 of the Dungeon.
You were very full.

You visited 1 branch of the dungeon, and saw 3 of its levels.

You collected 48 gold pieces.

Inventory:

Hand weapons
 h - a +0,+7 dagger (weapon)
Missiles
 d - 12 darts (quivered)
Armour
 b - a +1 robe (worn)
Scrolls
 a - a scroll of fog {unknown}
 f - a scroll of curse weapon {unknown}
 k - a scroll of remove curse {unknown}
 m - 2 scrolls of immolation {unknown}
 p - 3 scrolls of identify {unknown}
 r - a scroll of recharging {unknown}
Jewellery
 o - a ring of poison resistance (left hand)
 q - a +2 ring of intelligence (right hand)
Books
 c - a book of Maledictions

   Spells                             Type                      Level
   *Corona                            Hexes                        1
   Sure Blade                         Hexes/Charms                 2
   Ensorcelled Hibernation            Hexes/Ice                    2
   *Confuse                           Hexes                        3
   Enslavement                        Hexes                        4
   Invisibility                       Hexes                        6


   Skills:
 - Level 1.2 Fighting
 - Level 2.5 Short Blades
 - Level 0.7 Throwing
 - Level 2.1 Dodging
 + Level 3.6 Stealth
 - Level 2.0 Spellcasting
 * Level 5.1 Hexes


You had 2 spell levels left.
You knew the following spells:

 Your Spells              Type           Power        Failure   Level  Hunger
a - Corona                Hex            #####..      1%          1    #......
c - Confuse               Hex            #####...     1%          3    ###....


Dungeon Overview and Level Annotations

Branches:
Dungeon (3/16)

Altars:

Annotations:
D:3 Sigmund


Innate Abilities, Weirdness & Mutations

Your natural rate of healing is unusually fast.
You have razor-sharp teeth.*
You have supernaturally acute eyesight.
You can survive without breathing.*


Message History

You don't have enough magic to cast that spell.
You aren't carrying any potions.
Sigmund casts a spell.
Sigmund flickers and vanishes for a moment.
You barely miss Sigmund.
Sigmund points at you and mumbles some strange words.
The puff of flame misses you.
You closely miss Sigmund. Sigmund barely misses you.
You barely miss Sigmund. You closely miss Sigmund. Sigmund closely misses you.
You slash Sigmund!
Sigmund is heavily wounded.
You closely miss Sigmund.
Sigmund is heavily wounded.
Sigmund casts a spell at you. The magic dart hits you!
* * * LOW HITPOINT WARNING * * *
Sigmund hits you from afar with a scythe!
Ouch! That really hurt!
You die...

.. #. .. #. #####
.#.###.###...###########
........................
......[.................
....##..@###...###.......
.....?.....w.............
#.#.##..@######......####
................).<......
##.###.####..........###
# #. #...#......# #.
#...######## #. #......
#. #......# #. #......# .
########


You could see Sigmund (invisible) and a worm.

Vanquished Creatures
  2 adders (D:2)
  A worm (D:2)
  A giant gecko (D:1)
  An ooze (D:1)
  An orc (D:3)
  A ball python (D:1)
  3 bats (D:1)
  3 hobgoblins
  4 kobolds
  3 giant cockroaches
  2 giant newts
  7 goblins
  A quokka (D:2)
  3 rats
33 creatures vanquished.

Notes
Turn   | Place    | Note
--------------------------------------------------------------
     0 | D:1      | PolkaDot, the Vampire Enchanter, began the quest for the Orb.
     0 | D:1      | Reached XP level 1. HP: 13/13 MP: 3/3
   236 | D:1      | Reached XP level 2. HP: 11/20 MP: 4/4
   403 | D:1      | Reached skill level 1 in Fighting
   689 | D:2      | Reached XP level 3. HP: 12/26 MP: 4/6
   767 | D:2      | Learned a level 3 spell: Confuse
  1071 | D:2      | Reached skill level 5 in Hexes
  1182 | D:3      | Noticed Sigmund
  1226 | D:3      | Mangled by Sigmund

Action                   || total
-------------------------++-------
Melee: Dagger            ||    91
Throw: Dart              ||     6
 Cast: Corona            ||     1
       Confuse           ||     1
  Use: Potion            ||     8
 Stab: Sleeping          ||     4
